 Seeded DCSS version 0.31-a0-496-g6f97920a28 (webtiles) character file.

Game seed: 7415222406553760909 (custom seed)

37 innerfire43 the Trooper (level 3, -1/29 HPs)
             Began as a Demonspawn Monk on Aug 8, 2023.
             Slain by a worm (9 damage)
             ... on level 2 of the Dungeon.
             The game lasted 00:02:02 (895 turns).

innerfire43 the Trooper (Demonspawn Monk)            Turns: 895, Time: 00:02:02

Health: -1/29      AC:  2    Str: 11    XL:     3   Next: 21%
Magic:  3/3        EV: 13    Int: 11    God:
Gold:   55         SH:  0    Dex: 17    Spells: 2/2 levels left

rFire   . .          .
                       - Unarmed
rCold   . . .        c - orb {light}
rNeg    . . .        a - +0 robe
rPois   .            (no helmet)
rElec   .            (no cloak)
rCorr   .            (no gloves)
SInv    .            (no boots)
Will    .....        (no amulet)
Stlth   +            (no ring)
HPRegen 0.24/turn    (no ring)
MPRegen 0.08/turn

%: no passive effects
@: glowing
A: spiny 1
a: no special abilities


You were on level 2 of the Dungeon.
You visited 1 branch of the dungeon, and saw 2 of its levels.

You collected 55 gold pieces.

Inventory:

Armour
 a - a +0 robe (worn)
 c - an orb of light (worn)
Jewellery
 d - a ring of wizardry
 f - a ring of positive energy
 k - a ring of wizardry
Talismans
 g - a flux talisman
Scrolls
 h - a scroll of teleportation {unknown}
 i - a scroll of identify {unknown}
Potions
 e - a potion of curing
 j - a potion of lignification {unknown}


   Skills:
 - Level 3.0 Fighting
 + Level 2.7 Dodging
 - Level 2.6 Unarmed Combat
 * Level 2.1 Shapeshifting


You had 2 spell levels left.
You didn't know any spells.
Your spell library was empty.

Dungeon Overview and Level Annotations

Branches:
Dungeon (2/15)

Altars:

Shops:
D:1 ?


Innate Abilities, Weirdness & Mutations

You are partially covered in sharp spines.


Message History

Things that are here:
a +0 dagger; a +0 sling The goblin shoots a sling bullet.
The sling bullet hits you.
* * * LOW HITPOINT WARNING * * *
Things that are here:
a +0 dagger; a +0 sling The goblin shoots a sling bullet.
The sling bullet hits you.
* * * LOW HITPOINT WARNING * * *
The goblin shoots a sling bullet.
The sling bullet barely misses you.
The goblin shoots a sling bullet.
The sling bullet barely misses you.
The goblin shoots a sling bullet.
The sling bullet closely misses you.
The goblin shoots a sling bullet.
The sling bullet hits you but does no damage.
The goblin shoots a sling bullet.
The sling bullet closely misses you.
The goblin shoots a sling bullet.
The sling bullet closely misses you.
The goblin shoots a sling bullet.
The sling bullet misses you.
The goblin unwields a +0 sling.
The goblin wields a +1 dagger of venom.
It begins to drip with poison!
The goblin is struck by your spines. The goblin hits you but does no damage.
You are lethally poisoned!
You hit the goblin.
The goblin is severely wounded.
* * * LOW HITPOINT WARNING * * *
You feel sick.
It was a potion of curing.
You feel better. The goblin barely misses you.
You hit the goblin.
You kill the goblin!
The worm barely misses you.
Things that are here:
a +1 dagger of venom; a +0 sling You hit the worm.
The worm is moderately wounded.
The worm is struck by your spines. The worm bites you!
* * * LOW HITPOINT WARNING * * *
You hit the worm.
The worm is severely wounded.
You hit the worm.
The worm is severely wounded.
The worm bites you!
You die...

#.# #.#
#.############
#.#..........# .
#### #.#.########.#
..#######.. #.#.#
#.# #.........#
#.#.# #.#
###.......# #.#.#
#.#
........w.######@#.#
#.####
........)(...)..w#.#
#..[<#
...#.....#########.#
###### ####>.......#
#.# ########.# #.#
#...#.# #.# #.#.#.#
#.# #.#.#.# #.#
#.#.#.# #.#


You could see a worm.

Vanquished Creatures
  A dart slug (D:2)
  2 bats (D:1)
  2 giant cockroaches (D:1)
  6 goblins
  2 hobgoblins (D:1)
  6 jackals (D:1)
  3 quokkas
  2 ball pythons (D:1)
  2 frilled lizards (D:1)
  2 kobolds (D:1)
  2 rats (D:1)
30 creatures vanquished.

Vanquished Creatures (others)
  A goblin (D:2)
1 creature vanquished.

Grand Total: 31 creatures vanquished

Notes
Turn   | Place    | Note
-------+----------+-------------------------------------------
     0 | D:1      | innerfire43 the Demonspawn Monk began the quest for the
                  | Orb.
     0 | D:1      | Reached XP level 1. HP: 18/18 MP: 1/1
   105 | D:1      | Reached skill level 1 in Shapeshifting
   113 | D:1      | Gained mutation: You are partially covered in sharp spines.
                  | [demonic ancestry]
   113 | D:1      | Reached XP level 2. HP: 9/24 MP: 2/2
   288 | D:1      | Reached XP level 3. HP: 27/29 MP: 3/3
   578 | D:1      | Found Onoqawk's Magic Scroll Emporium.
   895 | D:2      | Slain by a worm

Illustrated notes

Levels and vault maps discovered:
D:1:      spicycebolla_green_bress_n_ham_2, layout_rooms, serial_shops, shop,
          minmay_misc_feat_hallway
D:2:      layout_basic, uniq_robin

Skill      XL: |  1  2 |
---------------+-------+-----
Shapeshifting  | 1 2 |  2.1
Fighting       | |  3.0
Dodging        | |  2.7
Unarmed Combat | |  2.6

Action                     || total
---------------------------++-------
  Melee: Unarmed           ||    79
    Use: Potion            ||     2
 Armour: Robe              ||    10
  Dodge: Dodged            ||    58

Table legend: (Time is in decaauts)
 A = Elapsed time spent in this place.
 B = Non-inter-level travel time spent in this place.
 C = Inter-level travel time spent in this place.
 D = Time resting spent in this place.
 E = Time spent auto-exploring this place.
 F = Levels seen in this place.
 G = Mean time per level.
                   A        B        C        D        E       F      G
               +--------+--------+--------+--------+--------+-----+--------+
         Total |    892 |    852 |     40 |      0 |    624 |   2 |  446.0 |
       Dungeon |    892 |    852 |     40 |      0 |    624 |   2 |  446.0 |
               +--------+--------+--------+--------+--------+-----+--------+

Top non-repeatable levels by time:
     D:1: 635 daAuts
     D:2: 256 daAuts
